 Dungeon Crawl Stone Soup version 0.29-a0-341-g24ffce5b50 (webtiles) character file.

Game seed: 16978613421269888667

44 spaghetti the Cudgeller (level 3, -1/34 HPs)
             Began as a Naga Monk on Apr 20, 2022.
             Was a Believer of Okawaru.
             Slain by Sigmund
             ... wielding a +0 scythe
              (3 damage)
             ... on level 2 of the Dungeon.
             The game lasted 00:03:45 (2117 turns).

spaghetti the Cudgeller (Naga Monk)                 Turns: 2117, Time: 00:03:46

Health: -1/34      AC:  2    Str: 15    XL:     3   Next: 62%
Magic:  3/3        EV: 10    Int: 10    God:    Okawaru [**....]
Gold:   70         SH:  0    Dex: 13    Spells: 2/2 levels left

rFire   . . .      SeeInvis +   j - +2 whip (elec) {mace}
rCold   . . .      Faith    .   (no shield)
rNeg    . . .      Spirit   .   b - +0 robe
rPois   +          Reflect  .   (no helmet)
rElec   .          Harm     .   (no cloak)
rCorr   .          Rampage  .   (no gloves)
Will    .....                   (no barding)
Stlth   ++........              (no amulet)
HPRegen 0.11/turn               m - ring of wizardry
MPRegen 0.08/turn               (no ring)

@: short of breath, very slow
A: AC +1, large, see invisible, deformed body, poison resistance, slowness 2,
spit poison 1, naga tail 1
a: Spit Poison, Renounce Religion, Heroism


You were on level 2 of the Dungeon.
You worshipped Okawaru.
Okawaru was pleased with you.
You visited 1 branch of the dungeon, and saw 2 of its levels.

You collected 70 gold pieces.


Innate Abilities, Weirdness & Mutations

Your serpentine skin is tough. (AC +1)
You have supernaturally acute eyesight. (SInv)
Armour fits poorly on your strangely shaped body.
Your system is resistant to poisons. (rPois)
You cover ground very slowly.
You can spit poison.
You have a snake-like lower body.


   Skills:
 - Level 3.0 Fighting
 * Level 4.4 Maces & Flails
 - Level 2.4 Dodging
 - Level 3.0 Stealth
 + Level 0.7 Invocations


You had 2 spell levels left.
You didn't know any spells.
Your spell library contained the following spells:

 Spells                   Type           Power      Damage    Failure   Level
 Shock                    Conj/Air       0%         1d3       16%         1
 Swiftness                Air            0%         N/A       41%         3
 Airstrike                Air            0%         N/A       80%         4

Inventory:

Hand Weapons
 a - a +0 mace {mace}
 j - a +2 whip of electrocution (weapon) {mace}
   (You found it on level 1 of the Dungeon)
Missiles
 g - 28 stones (quivered) {throwing}
Armour
 b - a +0 robe (worn)
Jewellery
 h - an amulet of faith {!P}
   (You took it off a kobold on level 1 of the Dungeon)
 m - a ring of wizardry (left hand)
   (You found it on level 1 of the Dungeon)
 o - a ring of resist corrosion
   (You found it on level 2 of the Dungeon)
Scrolls
 l - a scroll of teleportation {@r4}

Dungeon Overview and Level Annotations

Branches:
Dungeon (2/15)

Altars:
Okawaru

Annotations:
D:2 Sigmund

.# #.# # #.#
#. #.# #..
##.## .. .?.#
#####.##..#
........@.#
###.
.........@#
....
..##...##.###
###.
#..)..#...#
...........#
###.....#)..#
##?..##..##
##.# #..# #.
#..### #
#....#


You could see Sigmund (poisoned).


Message History

Unknown command.
Your transformation is almost over.
Your extra speed is starting to run out. 😮 MP[+1]
Your mp is fully restored (3).
Sigmund hits you but does no damage. Sigmund hits you but does no damage.
Aiming: Spit Poison (2% risk of failure)
Press: ? - help, Shift-Dir - straight line, f - Sigmund
Aim: Sigmund, wielding a +0 scythe and wearing a +0 robe (inner flame, slightly transparent, 54% to hit)
The splash of poison misses Sigmund.
Unknown command.
Unknown command.
Sigmund hits you but does no damage.
You feel yourself slow down. 😮 HP[+1] Unknown command.
Sigmund hits you but does no damage.
Sigmund's inner flame fades away.
Sigmund hits you but does no damage.
You feel less wooden.
Your +0 robe unmelds from your body. 😮 HP[-11]
You now have 34 max hp (-17).
You have got your breath back.
Sigmund points at you and mumbles some strange words.
The puff of flame hits you!
* * * LOW HITPOINT WARNING * * *
Sigmund barely misses you. 😨 HP[-9]
You take 9 damage, and now have 12/34 hp.
MASSIVE DAMAGE!! (PAUSE)
Okay, then.
Aiming: Spit Poison (2% risk of failure)
Press: ? - help, Shift-Dir - straight line, f/p - Sigmund
Aim: Sigmund, wielding a +0 scythe and wearing a +0 robe (54% to hit)
The splash of poison hits Sigmund.
Sigmund is poisoned.
You feel better.
Sigmund hits you with a +0 scythe. 😮 HP[+7]
You regained 7 hp, and now have 19/34 hp.
You barely miss Sigmund.
Sigmund's eyes start glowing with a red light.
Sigmund hits you with a +0 scythe!
* * * LOW HITPOINT WARNING * * *
😱 HP[-12]
You take 12 damage, and now have 7/34 hp.
MASSIVE DAMAGE!! (PAUSE)
You feel better. 😨 HP[+7]
You regained 7 hp, and now have 14/34 hp.
Unknown command.
You barely miss Sigmund. Sigmund hits you with a +0 scythe!
* * * LOW HITPOINT WARNING * * *
😱 HP[-11]
You take 11 damage, and now have 3/34 hp.
MASSIVE DAMAGE!! (PAUSE) Unknown command.
You are confused.
You feel invigorated. 😱 HP[+4]
You regained 4 hp, and now have 7/34 hp.
Unknown command.
Unknown command.
Unknown command.
Unknown command.
You barely miss Sigmund. Sigmund closely misses you. 😨 HP[+2]
You regained 2 hp, and now have 9/34 hp.
You have got your breath back.
Sigmund looks more healthy.
Sigmund hits you with a +0 scythe.
* * * LOW HITPOINT WARNING * * *
Unknown command.
Unknown command.
You closely miss Sigmund. 😨 HP[+3]
You regained 3 hp, and now have 12/34 hp.
You bump into the rock wall.
Sigmund hits you with a +0 scythe!
* * * LOW HITPOINT WARNING * * *
😱 HP[-8]
You take 8 damage, and now have 4/34 hp.
MASSIVE DAMAGE!! (PAUSE) Unknown command.
Sigmund hits you with a +0 scythe.
* * * LOW HITPOINT WARNING * * *
😱 HP[+2]
You regained 2 hp, and now have 6/34 hp.
Unknown command.
You feel less invigorated.
You feel less confused. Sigmund casts a spell at you.
The puff of flame hits you!
* * * LOW HITPOINT WARNING * * *
😱 HP[-4]
You take 4 damage, and now have 2/34 hp.
Unknown command.
Aiming: Spit Poison (2% risk of failure)
Press: ? - help, Shift-Dir - straight line, f/p - Sigmund
Aim: Sigmund, wielding a +0 scythe and wearing a +0 robe (moderately wounded, 54% to hit)
The splash of poison hits Sigmund.
Sigmund is poisoned.
Sigmund hits you with a +0 scythe.
You die...

Skill      XL: |  1  2 |
---------------+-------+-----
Maces & Flails | 4 |  4.4
Fighting       | |  3.0
Dodging        | |  2.4
Stealth        | |  3.0
Invocations    | |  0.7

Action                   || total
-------------------------++-------
Melee: Mace              ||    65
       Punch             ||     1
       Whip              ||    38
Invok: Heroism           ||     1
 Abil: Spit Poison       ||     6
  Use: Potion            ||     7
       Scroll            ||     3
 Stab: Sleeping          ||     7
Armor: Robe              ||    23
       Skin              ||    20
Dodge: Dodged            ||    63

Levels and vault maps discovered:
D:1:      scummos_arrival_star, layout_basic, hellmonk_ecumenical_altar_run_dry,
          minmay_hexomino_f4
D:2:      layout_loops_ring, uniq_sigmund

Notes
Turn   | Place    | Note
-------+----------+-------------------------------------------
     0 | D:1      | spaghetti the Naga Monk began the quest for the Orb.
     0 | D:1      | Reached XP level 1. HP: 21/21 MP: 1/1
     0 | D:1      | magus.rc [v1.9.6]
    83 | D:1      | Found a faded altar of an unknown god.
   176 | D:1      | Prayed at the altar of an unknown god.
   176 | D:1      | Became a worshipper of Warmaster Okawaru
   176 | D:1      | Reached * piety under Okawaru
   176 | D:1      | Reached ** piety under Okawaru
   385 | D:1      | Reached XP level 2. HP: 25/28 MP: 2/2
   914 | D:1      | You pick up a book of Air and begin reading...
   914 | D:1      | You add the spells Shock, Swiftness and Airstrike to your
                  | library.
   927 | D:1      | Reached skill level 4 in Maces & Flails
   936 | D:1      | Reached XP level 3. HP: 17/34 MP: 3/3
   937 | D:1      | HP: 7/34 [kobold/+0 whip (5)]
  2046 | D:2      | Noticed Sigmund
  2107 | D:2      | HP: 7/34 [Sigmund/+0 scythe (12)]
  2109 | D:2      | HP: 3/34 [Sigmund/+0 scythe (11)]
  2114 | D:2      | HP: 4/34 [Sigmund/+0 scythe (11)]
  2117 | D:2      | Slain by Sigmund

Vanquished Creatures
  A dart slug (D:1)
  2 giant cockroaches
  5 goblins
  4 hobgoblins
  4 jackals (D:1)
  3 quokkas (D:1)
  6 ball pythons
  2 bats
  3 frilled lizards
  3 kobolds
  7 rats
40 creatures vanquished.

Table legend:
 A = Non-vault XP
 B = Vault XP
 C = Vault XP percentage of total XP
 D = Non-vault monster count
 E = Vault monster count
 F = Vault count percentage of total count
                 A         B        C        D         E       F
            +---------+---------+-------+---------+---------+-------
      Total |      57 |       7 |  10.9 |      36 |       4 |  10.0
            +---------+---------+-------+---------+---------+-------
        D:1 |      39 |       7 |  15.2 |      23 |       4 |  14.8
        D:2 |      18 |       0 |   0.0 |      13 |       0 |   0.0
            +---------+---------+-------+---------+---------+-------

Illustrated notes

Table legend:
 A = Kills in this place as a percentage of kills in entire the game.
 B = Kills by you in this place as a percentage of kills by you in the entire game.
 C = Kills by friends in this place as a percentage of kills by friends in the entire game.
 D = Other kills in this place as a percentage of other kills in the entire game.
 E = Experience gained in this place as a percentage of experience gained in the entire game.
 F = Experience gained in this place divided by the number of levels of this place that you have seen.
                   A       B       C       D       E      F
               +-------+-------+-------+-------+-------+----------------------
         Total | 100.0 | 100.0 |   N/A |   N/A | 100.0 |  32.0
       Dungeon | 100.0 | 100.0 |   N/A |   N/A | 100.0 |  32.0
               +-------+-------+-------+-------+-------+----------------------

Table legend: (Time is in decaauts)
 A = Elapsed time spent in this place.
 B = Non-inter-level travel time spent in this place.
 C = Inter-level travel time spent in this place.
 D = Time resting spent in this place.
 E = Time spent auto-exploring this place.
 F = Levels seen in this place.
 G = Mean time per level.
                   A        B        C        D        E       F      G
               +--------+--------+--------+--------+--------+-----+--------+
         Total |   2542 |   2535 |      7 |    656 |   1528 |   2 | 1271.0 |
       Dungeon |   2542 |   2535 |      7 |    656 |   1528 |   2 | 1271.0 |
               +--------+--------+--------+--------+--------+-----+--------+

Top non-repeatable levels by time:
     D:1: 2129 daAuts
     D:2: 412 daAuts
